 Dungeon Sprint DCSS version 0.25-a0-796-gd415a3ffb0 (webtiles) character file.

Game seed: 11636733400943420174, levelgen mode: deterministic

994 jt the Thaumaturge (level 8, -2/68 HPs)
             Began as a Gnoll Skald on Apr 18, 2020.
             Was a Follower of Cheibriados.
             Incinerated by a smoke demon (6 damage)
             ... with a sticky flame
             ... in the Dungeon (Sprint I: "Red Sonja").
             The game lasted 00:03:37 (1128 turns).

jt the Thaumaturge (Gnoll Skald)                    Turns: 1128, Time: 00:03:38

Health: -2/68      AC:  9    Str: 17    XL:     8   Next: 19%
Magic:  20/20      EV: 16    Int: 19    God:    Cheibriados [*.....]
Gold:   353        SH:  0    Dex: 19    Spells: 15/23 levels left

rFire    . . .     SeeInvis .   a - +0 mace
rCold    + . .     Gourm    .   (no shield)
rNeg     . . .     Faith    .   f - +2 ring mail {rC+}
rPois    .         Spirit   .   (no helmet)
rElec    .         Reflect  .   (no cloak)
rCorr    .         Harm     .   (no gloves)
MR       .....     NoTele   +   m - +0 pair of boots
Stlth    +.........             (no amulet)
HPRegen  0.21/turn              (no ring)
MPRegen  0.17/turn              (no ring)

@: liquid flames, glowing, very slow
A: distributed training, fangs 1, strong nose
a: Bend Time, Renounce Religion


You were in the Dungeon.
You worshipped Cheibriados.
Cheibriados was aware of your devotion.
You were not hungry.

You visited 1 branch You collected 416 gold pieces.
You spent 63 gold pieces at shops.

Inventory:

Hand Weapons
 a - a +0 mace (weapon)
 k - a +1 scythe of protection
Missiles
 l - 20 stones (quivered)
Armour
 f - a +2 ring mail of cold resistance (worn)
 m - a +0 pair of boots (worn)
Wands
 c - a wand of digging (4)
Scrolls
 j - a scroll of blinking
Potions
 g - a potion of haste
 h - 2 potions of magic
Comestibles
 d - a ration


   Skills:
 + Level 7.7 Fighting
 + Level 6.1 Short Blades
 + Level 6.1 Long Blades
 + Level 6.1 Axes
 + Level 7.7 Maces & Flails
 + Level 6.1 Polearms
 + Level 6.1 Staves
 + Level 6.1 Slings
 + Level 6.1 Bows
 + Level 6.1 Crossbows
 + Level 6.1 Throwing
 + Level 6.7 Armour
 + Level 7.7 Dodging
 + Level 6.1 Stealth
 + Level 6.1 Shields
 + Level 6.1 Unarmed Combat
 + Level 8.0 Spellcasting
 + Level 5.1 Conjurations
 + Level 5.1 Hexes
 + Level 7.5 Charms
 + Level 5.1 Summonings
 + Level 5.1 Necromancy
 + Level 5.1 Translocations
 + Level 5.1 Transmutations
 + Level 5.1 Fire Magic
 + Level 5.1 Ice Magic
 + Level 5.1 Air Magic
 + Level 5.1 Earth Magic
 + Level 5.1 Poison Magic
 + Level 6.7 Invocations
 + Level 6.1 Evocations


You had 15 spell levels left.
You knew the following spells:

 Your Spells              Type           Power        Failure   Level  Hunger
a - Infusion              Chrm           ####         1%          1    None
b - Song of Slaying       Chrm           #####...     1%          2    None
c - Shroud of Golubria    Chrm/Tloc      ####..       1%          2    None
d - Spectral Weapon       Hex/Chrm       ####....     3%          3    None

Your spell library contained the following spells:

 Spells                   Type           Power        Failure   Level  Hunger
 Ozocubu's Armour         Chrm/Ice       ####....     3%          3    None


Dungeon Overview and Level Annotations

Branches:
Dungeon (1/1)

Altars:
Cheibriados
Dithmenos
Elyvilon
Fedhas
Gozag
Hepliaklqana
Kikubaaqudgha
Makhleb
Nemelex Xobeh
Okawaru
Qazlal
Ru
Sif Muna
Trog
Uskayaw
Vehumet
Wu Jian
Xom
Yredelemnul
Zin
The Shining One
Jiyva
Lugonu

Shops:
D *


Innate Abilities, Weirdness & Mutations

Your experience applies equally to all skills.
You have very sharp teeth.
Your uncanny sense of smell can sniff out nearby items.


Message History

The neqoxec gestures at you.
Something tries to feed on your intellect!
The crimson imp blinks!
The kobold demonologist barely misses you.
You barely miss the kobold demonologist.
The kobold demonologist is severely wounded.
You are covered in liquid flames!
* * * LOW HITPOINT WARNING * * *
The white imp completely misses you. The smoke demon barely misses you.
The smoke demon hits you.
* * * LOW HITPOINT WARNING * * *
The smoke demon barely misses you.
The neqoxec hits you but does no damage.
The crimson imp blinks!
The kobold demonologist mumbles some strange words.
You miss the kobold demonologist.
You bite the kobold demonologist, but do no damage.
The kobold demonologist is severely wounded.
You are covered in liquid flames!
You die...

####################
)..#.['..#__#..§.3.#∆∆
#..'..#..'^.'..#@33# ∆
##'#####'#__####K5.+ ∆
#..#...#.####∆∆##### ∆
####..##[# ∆∆
___##'#_.+ ∩[..÷..._#
∆∆ .__##_.#'#
___###+#.#∆∆∆∆ ∆ ####
### ∆


You could see a sun demon, a kobold demonologist, a smoke demon, a neqoxec and a
white imp.

Vanquished Creatures
  A kobold demonologist (D)
  A slime creature (D)
  Sigmund (D)
  A yak (D)
  A floating eye (D)
  An ogre (D)
  A jelly (D)
  Ijyb (D)
8 creatures vanquished.

Vanquished Creatures (others)
  A gargoyle (D)
1 creature vanquished.

Grand Total: 9 creatures vanquished

Notes
Turn   | Place    | Note
-------+----------+-------------------------------------------
     0 | D        | jt the Gnoll Skald began the quest for the Orb.
     0 | D        | Reached XP level 1. HP: 20/20 MP: 6/6
     2 | D        | Noticed Ijyb
    48 | D        | Killed Ijyb
    48 | D        | Reached skill level 1 in Short Blades
    48 | D        | Reached skill level 1 in Long Blades
    48 | D        | Reached skill level 1 in Axes
    48 | D        | Reached skill level 1 in Polearms
    48 | D        | Reached skill level 1 in Staves
    48 | D        | Reached skill level 1 in Slings
    48 | D        | Reached skill level 1 in Bows
    48 | D        | Reached skill level 1 in Crossbows
    48 | D        | Reached skill level 1 in Throwing
    48 | D        | Reached skill level 1 in Stealth
    48 | D        | Reached skill level 1 in Shields
    48 | D        | Reached skill level 1 in Unarmed Combat
    48 | D        | Reached skill level 5 in Spellcasting
    48 | D        | Reached skill level 1 in Conjurations
    48 | D        | Reached skill level 1 in Hexes
    48 | D        | Reached skill level 1 in Summonings
    48 | D        | Reached skill level 1 in Necromancy
    48 | D        | Reached skill level 1 in Translocations
    48 | D        | Reached skill level 1 in Transmutations
    48 | D        | Reached skill level 1 in Fire Magic
    48 | D        | Reached skill level 1 in Ice Magic
    48 | D        | Reached skill level 1 in Air Magic
    48 | D        | Reached skill level 1 in Earth Magic
    48 | D        | Reached skill level 1 in Poison Magic
    48 | D        | Reached skill level 1 in Evocations
    48 | D        | Reached XP level 2. HP: 5/26 MP: 8/8
    48 | D        | Reached XP level 3. HP: 6/32 MP: 9/9
   299 | D        | Noticed an ogre
   303 | D        | Killed an ogre
   303 | D        | Reached skill level 5 in Fighting
   303 | D        | Reached skill level 5 in Maces & Flails
   303 | D        | Reached skill level 5 in Dodging
   303 | D        | Reached XP level 4. HP: 32/39 MP: 9/11
   430 | D        | Learned a level 2 spell: Song of Slaying
   433 | D        | Learned a level 2 spell: Shroud of Golubria
   437 | D        | Learned a level 3 spell: Spectral Weapon
   465 | D        | Noticed Sigmund
   490 | D        | Killed Sigmund
   490 | D        | Reached skill level 5 in Armour
   490 | D        | Reached skill level 6 in Spellcasting
   490 | D        | Reached XP level 5. HP: 23/46 MP: 10/14
   490 | D        | Reached XP level 6. HP: 26/52 MP: 10/15
   624 | D        | Killed a gargoyle
   669 | D        | Found a shimmering blue altar of Sif Muna.
   670 | D        | Found an ornate altar of the Wu Jian Council.
   671 | D        | Found a radiant altar of Vehumet.
   805 | D        | Found Gefeng's General Store.
   805 | D        | Found an ancient bone altar of Kikubaaqudgha.
   805 | D        | Found a stormy altar of Qazlal.
   805 | D        | Found a blossoming altar of Fedhas.
   805 | D        | Found a bloodstained altar of Trog.
   805 | D        | Found an iron altar of Okawaru.
   805 | D        | Found a glowing golden altar of the Shining One.
   805 | D        | Found a glowing silver altar of Zin.
   805 | D        | Found a white marble altar of Elyvilon.
   805 | D        | Noticed a yak
   815 | D        | Killed a yak
   815 | D        | Reached skill level 5 in Short Blades
   815 | D        | Reached skill level 5 in Long Blades
   815 | D        | Reached skill level 5 in Axes
   815 | D        | Reached skill level 5 in Polearms
   815 | D        | Reached skill level 5 in Staves
   815 | D        | Reached skill level 5 in Slings
   815 | D        | Reached skill level 5 in Bows
   815 | D        | Reached skill level 5 in Crossbows
   815 | D        | Reached skill level 5 in Throwing
   815 | D        | Reached skill level 5 in Stealth
   815 | D        | Reached skill level 5 in Shields
   815 | D        | Reached skill level 5 in Unarmed Combat
   815 | D        | Reached skill level 7 in Spellcasting
   815 | D        | Reached skill level 5 in Invocations
   815 | D        | Reached skill level 5 in Evocations
   815 | D        | Reached XP level 7. HP: 30/59 MP: 13/17
   816 | D        | Found a hazy altar of Hepliaklqana.
   816 | D        | Found a hide-covered altar of Uskayaw.
   816 | D        | Found a basalt altar of Yredelemnul.
   816 | D        | Found an opulent altar of Gozag.
   816 | D        | Found a snail-covered altar of Cheibriados.
   816 | D        | Found a sacrificial altar of Ru.
   816 | D        | Found a shadowy altar of Dithmenos.
   819 | D        | Found a sparkling altar of Nemelex Xobeh.
   966 | D        | Became a worshipper of Cheibriados the Contemplative
   969 | D        | Bought a +0 pair of boots for 63 gold pieces
   988 | D        | Found a burning altar of Makhleb.
   988 | D        | Found a viscous altar of Jiyva.
   988 | D        | Found a shimmering altar of Xom.
   988 | D        | Found a corrupted altar of Lugonu.
   988 | D        | Noticed a slime creature
   997 | D        | Killed a slime creature
  1095 | D        | Noticed a kobold demonologist
  1096 | D        | Noticed a kobold demonologist
  1099 | D        | Reached * piety under Cheibriados
  1111 | D        | Killed a kobold demonologist
  1111 | D        | Reached skill level 8 in Spellcasting
  1111 | D        | Reached skill level 5 in Conjurations
  1111 | D        | Reached skill level 5 in Hexes
  1111 | D        | Reached skill level 5 in Summonings
  1111 | D        | Reached skill level 5 in Necromancy
  1111 | D        | Reached skill level 5 in Translocations
  1111 | D        | Reached skill level 5 in Transmutations
  1111 | D        | Reached skill level 5 in Fire Magic
  1111 | D        | Reached skill level 5 in Ice Magic
  1111 | D        | Reached skill level 5 in Air Magic
  1111 | D        | Reached skill level 5 in Earth Magic
  1111 | D        | Reached skill level 5 in Poison Magic
  1111 | D        | Reached XP level 8. HP: 57/68 MP: 17/20
  1112 | D        | Noticed a smoke demon
  1125 | D        | HP: 3/68 [smoke demon/divine providence[a kobold
                  | demonologist] (12)]
  1128 | D        | Noticed a sun demon
  1128 | D        | Incinerated by a smoke demon

Levels and vault maps discovered:
D:        dungeon_sprint_1 [red_sonja_temple_1, red_sonja_temple_small_1]

Skill      XL: |  1  2  3  4  5  6  7 |
---------------+----------------------+-----
Short Blades   | 1 3 4 5 6 |  6.1
Long Blades    | 1 3 4 5 6 |  6.1
Axes           | 1 3 4 5 6 |  6.1
Polearms       | 1 3 4 5 6 |  6.1
Staves         | 1 3 4 5 6 |  6.1
Slings         | 1 3 4 5 6 |  6.1
Bows           | 1 3 4 5 6 |  6.1
Crossbows      | 1 3 4 5 6 |  6.1
Throwing       | 1 3 4 5 6 |  6.1
Armour         | 3 4 5 6 |  6.7
Stealth        | 1 3 4 5 6 |  6.1
Shields        | 1 3 4 5 6 |  6.1
Unarmed Combat | 1 3 4 5 6 |  6.1
Spellcasting   | 5 6 7 8 |  8.0
Conjurations   | 1 2 3 4 5 |  5.1
Hexes          | 1 2 3 4 5 |  5.1
Summonings     | 1 2 3 4 5 |  5.1
Necromancy     | 1 2 3 4 5 |  5.1
Translocations | 1 2 3 4 5 |  5.1
Transmutations | 1 2 3 4 5 |  5.1
Fire Magic     | 1 2 3 4 5 |  5.1
Ice Magic      | 1 2 3 4 5 |  5.1
Air Magic      | 1 2 3 4 5 |  5.1
Earth Magic    | 1 2 3 4 5 |  5.1
Poison Magic   | 1 2 3 4 5 |  5.1
Invocations    | 2 3 4 5 6 |  6.7
Evocations     | 1 3 4 5 6 |  6.1
Fighting       | 5 6 7 |  7.7
Maces & Flails | 5 6 7 |  7.7
Dodging        | 5 6 7 |  7.7
Charms         | 6 7 |  7.5

Action                   |  1- 3 |  4- 6 |  7- 9 || total
-------------------------+-------+-------+-------++-------
Melee: Mace              |    48 |    37 |    37 ||   122
       Bite              |     5 |     4 |     8 ||    17
       Punch             |       |       |     3 ||     3
Throw: Stone             |       |     2 |       ||     2
 Cast: Spectral Weapon   |       |     3 |     2 ||     5
       Shroud of Golubri |       |     1 |     2 ||     3
  Use: Potion            |     2 |       |     1 ||     3
 Stab: Sleeping          |       |       |     2 ||     2
  Eat: Chunk             |       |       |     1 ||     1
Armor: Leather armour    |    13 |       |       ||    13
       Ring mail         |       |     3 |    59 ||    62
Dodge: Dodged            |    24 |    17 |   105 ||   146

Table legend:
 A = Non-vault XP
 B = Vault XP
 C = Vault XP percentage of total XP
 D = Non-vault monster count
 E = Vault monster count
 F = Vault count percentage of total count
                 A         B        C        D         E       F
            +---------+---------+-------+---------+---------+-------
      Total |       0 |    1420 | 100.0 |       0 |       8 | 100.0
            +---------+---------+-------+---------+---------+-------
          D |       0 |    1420 | 100.0 |       0 |       8 | 100.0
            +---------+---------+-------+---------+---------+-------
